 Dungeon Crawl Stone Soup version 0.30-a0-867-g305f33218d (webtiles) character file.

Game seed: 17405216073822507849

144 Rocko1345 the Chopper (level 5, -1/46 HPs)
             Began as a Minotaur Monk on Mar 10, 2023.
             Was an Initiate of Yredelemnul.
             Killed from afar by Ijyb (11 damage)
             ... with a bolt of light
             ... on level 4 of the Dungeon.
             The game lasted 00:06:44 (2740 turns).

Rocko1345 the Chopper (Minotaur Monk)               Turns: 2740, Time: 00:06:45

Health: -1/46      AC:  8    Str: 15    XL:     5   Next: 5%
Magic:  4/4        EV:  7    Int:  9    God:    Yredelemnul [......]
Gold:   82         SH:  0    Dex: 13    Spells: 4/4 levels left

rFire   . . .      SeeInvis .    a - +0 hand axe
rCold   . . .      Faith    .    (no shield)
rNeg    . . .      Spirit   .    l - +0 chain mail
rPois   .          Reflect  .    (helmet restricted)
rElec   .          Rampage  .    (no cloak)
rCorr   .                        (no gloves)
Will    .....                    (no boots) Stlth
                                 (no amulet)
HPRegen 0.27/turn                (no ring)
MPRegen 0.09/turn                (no ring)

@: confused
A: horns 2, retaliatory headbutt
a: Renounce Religion, Recall Undead Harvest


You were on level 4 of the Dungeon.
You worshipped Yredelemnul.
Yredelemnul was noncommittal.
You visited 1 branch of the dungeon, and saw 4 of its levels.

You collected 82 gold pieces.

Inventory:

Hand Weapons
 a - a +0 hand axe (weapon)
Armour
 b - a +0 robe
 f - a +0 scale mail
 l - a +0 chain mail (worn)
Magical Staves
 g - a staff of poison
Wands
 q - a wand of digging (6)
Scrolls
 h - 2 scrolls of identify {unknown}
 i - a scroll of amnesia {unknown}
 j - a scroll of enchant weapon {unknown}
 n - a scroll of fog {unknown}
Potions
 c - a potion of ambrosia
 d - a potion of heal wounds {unknown}
 e - a potion of magic {unknown}
 k - a potion of brilliance {unknown}
 m - a potion of attraction {unknown}
 o - a potion of haste {unknown}
 p - 3 potions of might {unknown}


   Skills:
 + Level 4.1 Fighting
 + Level 5.2 Axes
 + Level 2.1 Armour
 + Level 4.0 Dodging
 + Level 1.6 Stealth
 * Level 1.0 Invocations


You had 4 spell levels left.
You didn't know any spells.
Your spell library contained the following spells:

 Spells                   Type           Power      Damage    Failure   Level
 Poisonous Vapours        Pois/Air       0%         N/A       100%        2
 Sublimation of Blood     Necr           0%         N/A       100%        2
 Wereblood                Tmut           0%         N/A       100%        2
 Vhi's Electric Charge    Tloc/Air       0%         N/A       100%        3
 Arcjolt                  Conj/Air       0%         1d10      100%        5
 Summon Hydra             Summ           0%         N/A       100%        7
 Chain Lightning          Conj/Air       0%         N/A       100%        9


Dungeon Overview and Level Annotations

Branches:
Dungeon (4/15)
 Temple: D:4-7

Altars:
Gozag
Yredelemnul

Annotations:
D:4 Ijyb


Innate Abilities, Weirdness & Mutations

You have a pair of horns on your head.
You reflexively headbutt those who attack you in melee.


Message History

Your worm zombie is recalled.
Your gnoll zombie is recalled.
You finish recalling your allies.
You swap places.
You swap places.
You swap places.
You swap places.
You swap places.
You swap places.
There is a stone staircase leading down here.
You climb downwards.
Your mindless puppet stays behind to rot.
There is a stone staircase leading up here.
Ijyb hits you but does no damage.
You barely miss Ijyb. Your headbutt misses Ijyb.
Ijyb zaps a wand.
The bolt of light hits you!
You are confused.
An endoplasm comes into view.
Found a scroll labelled NITOMMEUFE.
Ijyb zaps a wand.
The bolt of light hits you!!
* * * LOW HITPOINT WARNING * * *
You feel less confused. Ijyb closely misses you.
Ijyb zaps a wand.
The bolt of light misses you.
You hit Ijyb.
Ijyb is moderately wounded.
An adder comes into view.
Ijyb hits you with a +0 club.
* * * LOW HITPOINT WARNING * * *
You closely miss Ijyb.
Ijyb is moderately wounded.
The adder hisses angrily.
Ijyb hits you with a +0 club.
* * * LOW HITPOINT WARNING * * *
Unknown command.
You barely miss Ijyb. You headbutt Ijyb, but do no damage.
Ijyb is moderately wounded.
Ijyb zaps a wand.
The bolt of light hits you!
You are confused.
You die...
Your body rises from the dead as a mindless zombie.

### #.# ##.##
#<..# ###.##
##....##
#...@..#...
#...g.......
##..J....###
..........#
#...........#
##....S.....#
##...........
#...........
..........?


You could see Ijyb, an adder and an endoplasm.

Vanquished Creatures
  Jessica (D:3)
  4 gnolls
  2 adders
  2 worms
  4 dart slugs
  4 ball pythons
  2 endoplasms
  2 giant cockroaches (D:1)
  2 goblins
  4 hobgoblins
  5 jackals
  3 bats
  3 frilled lizards
  A kobold (D:1)
  A rat (D:1)
  A spectral goblin (D:1)
41 creatures vanquished.

Vanquished Creatures (collateral kills)
  An endoplasm (D:2)
  2 giant cockroaches (D:1)
  2 ball pythons (D:2)
  A bat (D:2)
  A frilled lizard (D:1)
  A rat (D:1)
8 creatures vanquished.

Vanquished Creatures (others)
  5 bat zombies
  A ball python zombie (D:3)
  A hobgoblin zombie (D:3)
7 creatures vanquished.

Grand Total: 56 creatures vanquished

Notes
Turn   | Place    | Note
-------+----------+-------------------------------------------
     0 | D:1      | Rocko1345 the Minotaur Monk began the quest for the Orb.
     0 | D:1      | Reached XP level 1. HP: 19/19 MP: 0/0
   126 | D:1      | Reached skill level 4 in Axes
   207 | D:1      | Reached XP level 2. HP: 27/27 MP: 1/1
   212 | D:1      | Found a faded altar of an unknown god.
   237 | D:1      | Prayed at the altar of an unknown god.
   237 | D:1      | Became a worshipper of Yredelemnul the Dark
   237 | D:1      | Reached * piety under Yredelemnul
   237 | D:1      | Reached ** piety under Yredelemnul
   776 | D:1      | Reached XP level 3. HP: 26/33 MP: 2/2
  1208 | D:2      | Found an opulent altar of Gozag.
  1987 | D:3      | Reached skill level 1 in Armour
  1987 | D:3      | Reached XP level 4. HP: 40/40 MP: 3/3
  2157 | D:3      | Reached skill level 5 in Axes
  2225 | D:3      | Noticed Jessica
  2231 | D:3      | Killed Jessica
  2232 | D:3      | Reached skill level 1 in Invocations
  2232 | D:3      | Reached XP level 5. HP: 45/46 MP: 4/4
  2407 | D:3      | Got the Tome of Gaseous Poison
  2729 | D:4      | Noticed Ijyb
  2740 | D:4      | Killed from afar by Ijyb

Illustrated notes

Levels and vault maps discovered:
D:1:      onia_arrival_pyramid, layout_basic,
          dreamdust_ecumenical_altar_drowned_temple
D:2:      layout_rooms, basic_altar
D:3:      layout_basic, uniq_jessica
D:4:      layout_cave_pools, minmay_quadrilaterals, uniq_duvessa,
          uniq_blork_the_orc, uniq_ijyb

Skill      XL: |  1  2  3  4 |
---------------+-------------+-----
Axes           | 4 5 |  5.2
Fighting       | 4 |  4.1
Dodging        | 4 |  4.0
Armour         | 1 2 |  2.1
Invocations    | 1 |  1.0
Stealth        | |  1.6

Action                     |  1- 3 |  4- 6 || total
---------------------------+-------+-------++-------
  Melee: Hand axe          |    65 |    37 ||   102
         Headbutt          |    10 |     9 ||    19
 Invoke: Recall Undead Har |     2 |     3 ||     5
   Stab: Distracted        |       |     2 ||     2
 Armour: Scale mail        |    37 |       ||    37
         Robe              |     1 |       ||     1
         Chain mail        |     6 |    14 ||    20
  Dodge: Dodged            |    49 |    12 ||    61

Table legend: (Time is in decaauts)
 A = Elapsed time spent in this place.
 B = Non-inter-level travel time spent in this place.
 C = Inter-level travel time spent in this place.
 D = Time resting spent in this place.
 E = Time spent auto-exploring this place.
 F = Levels seen in this place.
 G = Mean time per level.
                   A        B        C        D        E       F      G
               +--------+--------+--------+--------+--------+-----+--------+
         Total |   2756 |   2677 |     79 |    337 |   1502 |   4 |  689.0 |
       Dungeon |   2756 |   2677 |     79 |    337 |   1502 |   4 |  689.0 |
               +--------+--------+--------+--------+--------+-----+--------+

Top non-repeatable levels by time:
     D:1: 1114 daAuts
     D:3: 1004 daAuts
     D:2: 625 daAuts
     D:4: 11 daAuts
